 Dungeon Crawl Stone Soup version 0.31.0-9-g3a7656b989 (console) character file.

Game seed: 15654325368189710364

501 AlterAsc the Grappler (level 7, -5/43 HPs)
             Began as an Octopode Shapeshifter on Feb 2, 2024.
             Slain by a gnoll
             ... wielding a +0 spear
             ... led by a gnoll bouda
              (6 damage)
             ... on level 5 of the Dungeon.
             The game lasted 00:06:17 (2967 turns).

AlterAsc the Grappler (Octopode Shapeshifter)       Turns: 2967, Time: 00:06:17

Health: -5/43      AC:  1    Str: 15    XL:     7   Next: 17%
Magic:  7/7        EV: 13    Int: 13    God:
Gold:   211        SH:  0    Dex: 11    Spells: 6/6 levels left

rFire   . .          .
                       - Unarmed
rCold   . . .        (no shield)
rNeg    . . .        (helmet currently unavailable)
rPois   .            (no amulet)
rElec   .            (no ring)
rCorr   .            (no ring)
SInv    .            (no ring)
Will    .....        (no ring)
Stlth   ++           (no ring)
HPRegen 0.27/turn    (no ring)
MPRegen 0.10/turn    (no ring)
                     (no ring)

%: no passive effects
@: brilliant, beast-form
A: beast (slay +1), almost no armour, amphibious, 8 rings, camouflage 1,
gelatinous body 1, (nimble swimmer 1), tentacles
a: Begin Untransformation


You were on level 5 of the Dungeon.
You were a hulking beast.
You visited 1 branch of the dungeon, and saw 6 of its levels.

You collected 211 gold pieces.

Inventory:

Missiles
 s - a poisoned dart (quivered)
 u - 5 javelins
Jewellery
 p - a ring of wizardry
 t - a ring of wizardry
Talismans
 b - a beast talisman
 c - a flux talisman
Wands
 y - a wand of mindburst (18)
Scrolls
 d - 3 scrolls of identify {unknown}
 e - 2 scrolls of immolation {unknown}
 f - a scroll of blinking {unknown}
 i - 3 scrolls of teleportation {unknown}
 j - a scroll of fear {unknown}
 k - 3 scrolls of enchant armour {unknown}
 l - a scroll of silence {unknown}
 m - 4 scrolls of amnesia {unknown}
 n - 2 scrolls of vulnerability {unknown}
 o - a scroll of enchant weapon {unknown}
 q - a scroll of noise {unknown}
 r - a scroll of butterflies {unknown}
Potions
 a - 4 potions of lignification
 g - a potion of might {unknown}
 h - a potion of haste {unknown}
 v - a potion of cancellation
 w - a potion of brilliance
 x - a potion of resistance {unknown}


   Skills:
 - Level 1.0 Fighting
 - Level 2.0 Dodging
 + Level 8.0 Unarmed Combat
 - Level 3.0 Shapeshifting


You had 6 spell levels left.
You didn't know any spells.
Your spell library contained the following spells:

 Spells                   Type           Power      Damage    Failure   Level
 Mercury Vapours          Alch/Air       0%         N/A       43%         2
 Mephitic Cloud           Conj/Alch/Air  0%         N/A       67%         3
 Freezing Cloud           Conj/Ice/Air   0%         6-21      100%        5
 Malign Gateway           Summ/Tloc      0%         N/A       100%        7
 Summon Horrible Things   Summ           0%         N/A       100%        8


Dungeon Overview and Level Annotations

Branches:
Dungeon (6/15)
 Temple: D:4-7

Altars:
Fedhas
Makhleb

Shops:
D:4 *:


Innate Abilities, Weirdness & Mutations

You are a hulking beast.
Your limbs bulge with bestial killing power. (Slay +1)
You cannot wear most types of armour.
You are amphibious.
You can wear up to eight rings at the same time.
Your skin changes colour to match your surroundings (Stealth+).
Your rubbery body absorbs attacks. (AC +1, EV +1)
((You are camouflaged when in or above water. (Stealth+)))
You have tentacles for arms and can constrict up to eight enemies at once.


Message History

There is a stone staircase leading up here.
The gnoll misses you. x2
You climb upwards.
Found a scroll labelled XIRCHUXK ZAGU.
There is a stone staircase leading down here.
Really quaff the potion of lignification?
Your transformation has ended.
You turn into a tree.
Your roots penetrate the ground.
The gnoll hits you but does no damage.
You hit the gnoll.
You kill the gnoll!
The gnoll shouts!
You hear a shout!
You hear an angry hiss.
You hear a shout!
Your Unarmed Combat skill increases to level 8!
You hear a shout! x2; You hear a bark!
The gnoll hits you but does no damage.
Throw: 3 darts (poison)
Press: ? - help, Q - select action, (/) - cycle Shift-Dir - straight line, f - gnoll
Aim: a gnoll, wielding a +0 spear (54% to hit)
You throw a poisoned dart. The poisoned dart hits the gnoll.
The gnoll is poisoned.
The gnoll hits you from afar with a +0 spear.
* * * LOW HITPOINT WARNING * * *
A gnoll comes into view. It is wielding a +0 flail.
Throw: 2 darts (poison)
Press: ? - help, Q - select action, (/) - cycle Shift-Dir - straight line, f/p - gnoll
Aim: a gnoll, wielding a +0 spear (poisoned, 54% to hit)
You throw a poisoned dart. The poisoned dart hits the gnoll.
The gnoll looks even sicker.
A hound comes into view.
The gnoll hits you but does no damage.
A gnoll bouda comes into view. It is wielding a +0 club.
It was a potion of cancellation.
Your magical effects are unravelling.
You feel magically purged.
You feel less wooden.
You turn into a hulking beast.
A gnoll comes into view. It is wielding a +0 spear.
The gnoll hits you from afar with a +0 spear.
* * * LOW HITPOINT WARNING * * *
It was a potion of brilliance.
You feel clever all of a sudden.
The gnoll hits you from afar with a +0 spear.
You die...

### #.. #
#?# #.
#.# #..
#.#
###.gg#)#
...h.ggh#
#.#...#.#
#.. ...
#. ##.#.
# ..#.#
..# # ..#
...#


You could see a gnoll bouda, a hound and 3 gnolls.

Vanquished Creatures
  A black bear (D:4)
  A phantom (D:4)
  A scorpion (D:4)
  A bombardier beetle (D:4)
  An orc priest (D:3)
  Jessica (D:3)
  3 orc wizards (D:3)
  An adder (D:2)
  A gnoll (D:5)
  A dart slug (D:1)
  2 ribbon worms (D:2)
  9 orcs
  6 endoplasms
  5 giant cockroaches
  7 goblins
  10 hobgoblins
  2 jackals (D:2)
  5 kobolds
  6 quokkas
  5 ball pythons
  4 bats
  3 rats
76 creatures vanquished.

Notes
Turn   | Place    | Note
-------+----------+-------------------------------------------
     0 | D:1      | AlterAsc the Octopode Shapeshifter began the quest for the
                  | Orb.
     0 | D:1      | Reached XP level 1. HP: 13/13 MP: 1/1
   122 | D:1      | Reached XP level 2. HP: 18/18 MP: 2/2
   604 | D:1      | Found a faded altar of an unknown god.
   937 | D:2      | Reached skill level 4 in Unarmed Combat
   946 | D:2      | Reached XP level 3. HP: 16/23 MP: 3/3
  1351 | D:2      | Found a blossoming altar of Fedhas.
  1462 | D:2      | Reached XP level 4. HP: 28/28 MP: 4/4
  1731 | D:3      | Noticed Jessica
  1898 | D:3      | Killed Jessica
  1899 | D:3      | Reached skill level 5 in Unarmed Combat
  1963 | D:3      | Reached XP level 5. HP: 33/33 MP: 5/5
  2139 | D:3      | Found a burning altar of Makhleb.
  2251 | D:3      | Reached skill level 6 in Unarmed Combat
  2422 | D:4      | Noticed a phantom
  2435 | D:4      | Killed a phantom
  2436 | D:4      | Reached XP level 6. HP: 32/38 MP: 6/6
  2469 | D:4      | Reached skill level 7 in Unarmed Combat
  2517 | D:4      | Noticed a black bear
  2603 | D:4      | Found Luucwon's Book Emporium.
  2669 | D:4      | Found Bovvolipt's Assorted Antiques.
  2691 | D:4      | Killed a black bear
  2721 | D:4      | Reached XP level 7. HP: 34/43 MP: 7/7
  2899 | D:4      | You fall into a shaft and drop 2 floors!
  2960 | D:5      | Entered Level 5 of the Dungeon
  2963 | D:5      | Reached skill level 8 in Unarmed Combat
  2966 | D:5      | HP: 1/43 [gnoll/+0 spear[a gnoll bouda] (3)]
  2967 | D:5      | Slain by a gnoll

Illustrated notes

Levels and vault maps discovered:
D:1:      dpeg_arrival_short_road, layout_loops_corners,
          ebering_ecumenical_altar_mist, minmay_split_cup_small
D:2:      layout_basic, basic_altar, minmay_misc_feat_x, chequers_avenue
D:3:      kennysheep_big_flooded_room, layout_rooms,
          mainiacjoe_overflow_chevrons, uniq_jessica
D:4:      layout_gridville, abandoned_shop, nicolae_stop_n_shop_1,
          corexii_mini_fake_secret_closet, nicolae_take_the_stairs
D:5:      layout_basic, gammafunk_ghost_abyssal_escape, serial_aquarium,
          aquarium_bridge_square [aquarium_subvault_bridge,
          aquarium_subvault_wall, aquarium_subvault_wall,
          aquarium_subvault_wall], aquarium_bridge_square
          [aquarium_subvault_bridge, aquarium_subvault_window,
          aquarium_subvault_window, aquarium_subvault_window],
          aquarium_window_1, aquarium_window_corner, aquarium_window_2,
          aquarium_view_2d, aquarium_view_2c, aquarium_pool_2
D:6:      kennysheep_housing_project, layout_loops_ring,
          lightli_ossuary_entry_decrepit_ruins, nicolae_shop_unique_rings

Skill      XL: |  1  2  3  4  5  6  7 |
---------------+----------------------+-----
Unarmed Combat | 4 5 6 7 8 |  8.0
Fighting       | |  1.0
Dodging        | |  2.0
Shapeshifting  | |  3.0

Action                     |  1- 3 |  4- 6 |  7- 9 || total
---------------------------+-------+-------+-------++-------
  Melee: Unarmed           |    71 |    83 |     5 ||   159
         Constrict         |    18 |    20 |     1 ||    39
         Punch             |     5 |     3 |       ||     8
         Tentacles         |     7 |    14 |     1 ||    22
  Throw: Dart              |       |       |     2 ||     2
    Use: Potion            |       |       |     3 ||     3
   Stab: Sleeping          |     6 |     4 |       ||    10
 Armour: Skin              |    21 |    36 |    11 ||    68
  Dodge: Dodged            |    41 |    51 |     5 ||    97
